 Dungeon Crawl Stone Soup version 0.27.1-3-gb3d3a73c9e (webtiles) character file.

Game seed: 14319353085278906787

174 loralnil the Digger (level 5, 0/38 HPs)
             Began as a Draconian Earth Elementalist on Oct 25, 2021.
             Slain by Duvessa (17 damage)
             ... on level 4 of the Dungeon.
             The game lasted 00:05:23 (3187 turns).

loralnil the Digger (Draconian Earth Elementalist)  Turns: 3187, Time: 00:05:24

Health: 0/38       AC:  7    Str: 10    XL:     5   Next: 28%
Magic:  3/10       EV: 12    Int: 16    God:
Gold:   162        SH:  0    Dex: 12    Spells: 4/10 levels left

rFire    . . .     SeeInvis .   d - +2 dagger (venom)
rCold    . . .     Faith    .   (no shield)
rNeg     . . .     Spirit   .   (armour unavailable)
rPois    .         Reflect  .   (helmet restricted)
rElec    .         Harm     .   e - +0 cloak
rCorr    .         Rampage  .   (no gloves)
Will     .....                  a - +0 pair of boots
Stlth    ++........             (no amulet)
HPRegen  0.12/turn              (no ring)
MPRegen  0.12/turn              (no ring)

@: no status effects
A: AC +5, unfitting armour, cold-blooded
a: no special abilities


You were on level 4 of the Dungeon.
You visited 1 branch of the dungeon, and saw 4 of its levels.

You collected 162 gold pieces.

Inventory:

Hand Weapons
 d - a +2 dagger of venom (weapon)
Missiles
 b - 80 stones
Armour
 a - a +0 pair of boots (worn)
 e - a +0 cloak (worn)
Wands
 j - a wand of paralysis (10)
Scrolls
 g - 2 scrolls of teleportation {unknown}
 i - a scroll of summoning {unknown}
 k - a scroll of vulnerability {unknown}
Potions
 c - a potion of might {unknown}
 f - a potion of degeneration {unknown}
 h - a potion of curing {unknown}
 l - a potion of heal wounds {unknown}


   Skills:
 - Level 1.7 Dodging
 - Level 1.7 Stealth
 + Level 3.4 Spellcasting
 * Level 2.6 Conjurations
 - Level 1.0 Transmutations
 + Level 4.2 Earth Magic


You had 4 spell levels left.
You knew the following spells:

 Your Spells              Type           Power      Damage    Failure   Level
a - Sandblast             Erth           32%        2d9       3%          1
b - Passwall              Tmut/Erth      9%         N/A       10%         2
c - Stone Arrow           Conj/Erth      26%        3d8       13%         3

Your spell library contained the following spells:

 Spells                   Type           Power      Damage    Failure   Level
 Petrify                  Tmut/Erth      11%        N/A       52%         4


Dungeon Overview and Level Annotations

Branches:
Dungeon (4/15)
 Temple: D:4-7

Altars:

Shops:
D:1 (

Annotations:
D:4 Duvessa


Innate Abilities, Weirdness & Mutations

Your plain brown scales are hard. (AC +5)
You cannot fit into any form of body armour.
You are cold-blooded and may be slowed by cold attacks.


Message History

Press: ? - help, Shift-Dir - straight line, f - Duvessa
Aim: Duvessa, wielding a +1 rapier of freezing and wearing a +0 leather armour (wandering, hasn't noticed you, 72% to hit)
The stone arrow hits Duvessa!
Duvessa is heavily wounded.
Duvessa shouts!
Duvessa goes berserk!
Casting: Stone Arrow (quite dangerous; 13% risk of failure)
Confirm with . or Enter, or press ? or * to list all spells.
Aiming: Sandblast (safe; 3% risk of failure)
Press: ? - help, Shift-Dir - straight line, f/p - Duvessa
Aim: Duvessa, wielding a +1 rapier of freezing and wearing a +0 leather armour (heavily wounded, berserk, 82% to hit)
The blast of sand hits Duvessa.
Duvessa is heavily wounded.
Duvessa rages.
Casting: Sandblast (safe; 3% risk of failure)
Confirm with . or Enter, or press ? or * to list all spells.
Aiming: Sandblast (safe; 3% risk of failure)
Press: ? - help, Shift-Dir - straight line, f/p - Duvessa
Aim: Duvessa, wielding a +1 rapier of freezing and wearing a +0 leather armour (heavily wounded, berserk, 82% to hit)
The blast of sand hits Duvessa.
Duvessa is heavily wounded.
Duvessa hits you with a +1 rapier of freezing!!
Duvessa freezes you.
Casting: Sandblast (safe; 3% risk of failure)
Confirm with . or Enter, or press ? or * to list all spells.
Aiming: Sandblast (safe; 3% risk of failure)
Press: ? - help, Shift-Dir - straight line, f/p - Duvessa
Aim: Duvessa, wielding a +1 rapier of freezing and wearing a +0 leather armour (heavily wounded, berserk, 82% to hit)
The blast of sand hits Duvessa.
Duvessa is heavily wounded.
Duvessa hits you but does no damage.
Casting: Sandblast (safe; 3% risk of failure)
Confirm with . or Enter, or press ? or * to list all spells.
Aiming: Sandblast (safe; 3% risk of failure)
Press: ? - help, Shift-Dir - straight line, f/p - Duvessa
Aim: Duvessa, wielding a +1 rapier of freezing and wearing a +0 leather armour (heavily wounded, berserk, 82% to hit)
The blast of sand hits Duvessa!
Duvessa is severely wounded.
Duvessa hits you with a +1 rapier of freezing!
You die...

#### ...
#########.###
#......e....#
#)#######.#....#
#.# .# ### #e#
.e #@# ### ###


You could see Duvessa (berserk).

Vanquished Creatures
  Dowan (D:4)
  Robin (D:2)
  4 adders
  2 worms (D:2)
  2 dart slugs (D:3)
  7 ball pythons
  8 endoplasms
  3 giant cockroaches (D:1)
  13 goblins
  7 hobgoblins
  4 quokkas
  7 bats
  4 kobolds
  8 rats
  2 toadstools (D:1)
73 creatures vanquished.

Vanquished Creatures (others)
  4 demonic plants (D:3)
  4 fungi (D:3)
  6 plants (D:3)
  2 toadstools (D:1)
  A withered plant (D:3)
17 creatures vanquished.

Grand Total: 90 creatures vanquished

Notes
Turn   | Place    | Note
-------+----------+-------------------------------------------
     0 | D:1      | loralnil the Draconian Earth Elementalist began the quest
                  | for the Orb.
     0 | D:1      | Reached XP level 1. HP: 14/14 MP: 3/3
    50 | D:1      | Found Rontuh's Antique Weapon Emporium.
   376 | D:1      | Reached XP level 2. HP: 15/20 MP: 0/5
  1197 | D:2      | Reached XP level 3. HP: 26/26 MP: 7/7
  1210 | D:2      | Learned a level 2 spell: Passwall
  1214 | D:2      | Learned a level 3 spell: Stone Arrow
  1595 | D:2      | Reached skill level 1 in Conjurations
  1737 | D:2      | Noticed Robin
  1747 | D:2      | Reached XP level 4. HP: 32/33 MP: 4/8
  1757 | D:2      | Killed Robin
  2330 | D:3      | Reached skill level 4 in Earth Magic
  2378 | D:3      | Found a faded altar of an unknown god.
  3088 | D:4      | Noticed Dowan
  3088 | D:4      | Noticed Duvessa
  3106 | D:4      | Killed Dowan
  3107 | D:4      | Reached XP level 5. HP: 33/38 MP: 4/10
  3187 | D:4      | Slain by Duvessa

Illustrated notes

Levels and vault maps discovered:
D:1:      ldierk_water_garden, layout_loops_corners, serial_shops,
          nicolae_shop_behind_doors
D:2:      layout_loops_ring, chequers_serial_rivers_micro_a, uniq_robin
D:3:      layout_loops_cross, shapermc_ecumenical_altar_gd
D:4:      layout_basic, minmay_temple_entry_tees, uniq_edmund, uniq_duvessa

Skill      XL: |  1  2  3  4 |
---------------+-------------+-----
Spellcasting   | 3 |  3.4
Conjurations   | 1 2 |  2.6
Earth Magic    | 4 |  4.2
Dodging        | |  1.7
Stealth        | |  1.7
Transmutations | |  1.0

Action                   |  1- 3 |  4- 6 || total
-------------------------+-------+-------++-------
Melee: Unarmed           |    27 |       ||    27
       Tailslap          |     8 |     5 ||    13
       Dagger            |    50 |    61 ||   111
 Cast: Sandblast         |    23 |    12 ||    35
       Stone Arrow       |       |     1 ||     1
 Stab: Sleeping          |     4 |     4 ||     8
       Distracted        |       |     1 ||     1
Armor: Skin              |    23 |    20 ||    43
Dodge: Dodged            |    42 |    27 ||    69
